AoeStats
← ska_18

QS Arena

503223697Analyzed
3v3 RM · 1mo ago on Aug 30, 2026· 46m 43s· 6 players
Game mode
Random Map
Map size
Normal (6 player)
Population
200
Speed
Normal
Resources
Standard
Victory
Conquest
Starting age
Dark Age
Ending age
Imperial Age
RankedLock teamsTeams togetherTeam positionsShared explorationLock speedFull tech treeHidden civsTurbo modeCheats
Victory
Defeat
🇺🇸 Khmer · United States
1000
+19
🇺🇸 Teutons · United States
997
+20
🇺🇸 Saracens · United States
993
+20
🇦🇹 Saracens · Austria
1107
-21
🇺🇸 Persians · United States
1076
-20
🇮🇪 Celts · Ireland
1047
-18
liveSettings
5:47 Loom
8:08 Feudal Age
11:32 Castle Age
9:59 Double-Bit Axe
15:20 Horse Collar
17:32 Bow Saw
18:54 Wheelbarrow
20:42 Hand Cart
20:30 Heavy Plow
20:28 Town Watch
22:05 Loom
22:26 Gold Mining
22:41 Town Patrol
25:21 Imperial Age
22:59 Town Patrol
24:02 Gold Shaft Mining
23:58 Scale Barding Armor
24:03 Forging
25:45 Bloodlines
25:36 Husbandry
25:43 Husbandry
26:56 Chemistry
25:21 Cavalier
26:46 Chain Barding Armor
27:02 Iron Casting
27:26 Masonry
27:20 Savar
34:41 Crop Rotation
38:10 Two-Man Saw
37:41 Ballistics
37:52 Architecture
38:07 Plate Barding Armor
41:25 Conscription
seamusgalla
3:05 Loom
8:17 Feudal Age
13:50 Castle Age
16:22 Double-Bit Axe
16:21 Horse Collar
20:48 Bow Saw
21:24 Heavy Plow
23:51 Wheelbarrow
23:03 Town Watch
24:29 Man-at-Arms
24:55 Gambesons
24:35 Pikeman
25:35 Arson
26:22 Hand Cart
29:03 Imperial Age
26:59 Scale Mail Armor
27:09 Forging
29:15 Chain Mail Armor
30:06 Halberdier
31:06 Stone Mining
31:11 Gold Mining
33:07 Iron Casting
32:13 Capped Ram
33:28 Siege Ram
34:38 Crossbowman
35:02 Long Swordsman
36:08 Elite Woad Raider
38:21 Conscription
37:31 Two-Handed Swordsman
39:37 Fletching
42:34 Plate Mail Armor
42:02 Bodkin Arrow
43:48 Champion
47:46 Blast Furnace
47:20 Furor Celtica
ska_18
5:51 Loom
Hog Patrol
3:51 Loom
9:57 Feudal Age
10:27 Double-Bit Axe
10:29 Horse Collar
19:51 Castle Age
18:31 Fletching
20:41 Crossbowman
21:26 Padded Archer Armor
24:15 Wheelbarrow
25:31 Town Watch
36:03 Imperial Age
37:09 Conscription
36:11 Elite Mameluke
39:18 Scale Barding Armor
39:24 Forging
40:10 Bloodlines
39:30 Heavy Camel Rider
41:42 Chain Barding Armor
41:58 Iron Casting
41:18 Bodkin Arrow
45:36 Plate Barding Armor
McBouncy
3:43 Loom
8:50 Feudal Age
14:00 Castle Age
11:57 Horse Collar
13:15 Bloodlines
12:59 Double-Bit Axe
16:26 Scale Barding Armor
16:32 Forging
17:13 Town Watch
20:42 Stone Mining
23:45 Chain Barding Armor
24:12 Iron Casting
25:37 Scale Mail Armor
30:18 Wheelbarrow
33:05 Imperial Age
32:21 Hand Cart
31:43 Elite Skirmisher
32:53 Bow Saw
32:43 Fletching
32:54 Padded Archer Armor
33:39 Heavy Plow
34:13 Conscription
33:21 Cavalier
34:14 Town Patrol
34:14 Bodkin Arrow
34:35 Leather Archer Armor
34:57 Plate Barding Armor
35:22 Blast Furnace
35:41 Crop Rotation
34:39 Paladin
35:19 Gold Mining
36:06 Stone Shaft Mining
36:52 Chain Mail Armor
37:15 Ballistics
38:10 Chemistry
41:13 Two-Man Saw
40:46 Ring Archer Armor
Wigglz2
7:55 Feudal Age
8:38 Double-Bit Axe
8:37 Horse Collar
12:13 Castle Age
19:02 Husbandry
21:57 Fletching
22:13 Scale Barding Armor
22:20 Forging
37:28 Imperial Age
35:34 Wheelbarrow
34:45 Town Watch
36:58 Iron Casting
36:25 Scale Mail Armor
36:03 Pikeman
38:29 Double Crossbow
39:59 Ballistics
40:40 Chemistry
39:46 Siege Engineers
40:47 Blast Furnace
40:03 Chain Mail Armor
41:35 Halberdier
42:48 Elite Ballista Elephant
45:44 Conscription
46:09 Stone Mining
Connection lost

Rejoining the realm…

Still unreachable

The connection could not be restored.

Session expired

The server has moved on; the page needs a fresh start.